Map: World of Sleepers LE

Players

ViBE - Winner!

  • Race: Zerg Zerg
  • League: Bronze
  • Spawn Location: 1:00

deadlydragon

  • Race: Zerg Zerg
  • Spawn Location: 7:00

VOD

Have the link to the VOD?

Description

Time

  • Played on: Dec. 4, 2019, 6:17 p.m.
  • Length: 9:57
Show
View Real Time Build Order
Export as new Build Order

ViBE Zerg - Winner!

Build Orders: Hatch First, Roach Hydra 

Get SALT Encoding   

  12  0:01  Drone  
  13  0:13  Overlord  
  13  0:16  Drone  
  14  0:32  Drone x2  
  16  0:36  Drone  
  17  0:53  Hatchery  
  16  1:05  Drone x2  
  18  1:19  Spawning Pool  
  18  1:20  Drone x2  
  19  1:33  Drone  
  20  1:40  Extractor  
  19  1:47  Drone  
  19  1:51  Drone  
  21  2:02  Drone  
  21  2:07  Queen x2  
  21  2:08  Overlord  
  26  2:12  Drone  
  27  2:17  Drone  
  28  2:32  Drone  
  28  2:33  Drone  
  30  2:39  Overlord  
  30  2:41  Drone  
  31  2:44  Queen  
  31  2:46  Lair  
  31  2:51  Drone x2  
  34  2:55  Drone  
  36  2:59  Drone  
  37  3:06  Drone  
  37  3:10  Drone  
  39  3:16  Roach Warren  
  39  3:17  Drone  
  39  3:18  Extractor, Drone x5  
  43  3:20  Extractor  
  42  3:27  Overlord  
  42  3:31  Overlord  
  42  3:42  Drone x2  
  44  3:50  Evolution Chamber  
  44  3:51  Drone x5  
  48  3:56  Roach x3  
  54  4:07  Roach x2  
  58  4:10  Overlord  
  58  4:23  Hatchery  
  57  4:24  Overlord  
  57  4:25  Overlord  
  57  4:27  Roach  
  57  4:30  Roach x2  
  63  4:38  Glial Reconstitution  
  63  4:39  Zerg Missile Weapons Level 1  
  63  4:41  Drone x5  
  68  5:00  Roach  
  68  5:01  Drone x7  
  77  5:14  Overlord x2  
  77  5:22  Drone  
  78  5:30  Hatchery, Drone  
  78  5:35  Drone x5  
  83  5:45  Drone x4  
  87  5:53  Hydralisk Den  
  87  5:55  Extractor  
  87  5:56  Extractor  
  84  5:59  Drone x2  
  84  6:00  Drone  
  84  6:01  Drone  
  86  6:07  Drone x3  
  89  6:12  Extractor, Roach x4  
  93  6:30  Grooved Spines  
  93  6:36  Drone  
  94  6:43  Hatchery, Drone x8  
  99  6:55  Queen  
  99  6:56  Drone  
  99  6:58  Drone x4  
  99  7:00  Overlord x6  
  106  7:14  Hatchery  
  105  7:16  Hatchery  
  105  7:19  Drone x2  
  105  7:22  Drone x4  
  110  7:26  Extractor  
  110  7:28  Zerg Missile Weapons Level 2  
  109  7:30  Drone  
  109  7:31  Drone x2  
  109  7:35  Infestation Pit, Drone  
  112  7:39  Hydralisk x4  
  112  7:40  Evolution Chamber  
  112  7:42  Muscular Augments  
  119  7:46  Hydralisk  
  121  7:52  Hydralisk x2  
  125  7:59  Hydralisk x3  
  125  8:04  Hydralisk  
  133  8:12  Hive  
  133  8:13  Spire  
  133  8:14  Overlord x6, Hydralisk  
  133  8:15  Hydralisk x6  
  133  8:18  Hydralisk  
  148  8:33  Hatchery  
  147  8:36  Hydralisk  
  147  8:37  Hydralisk x11  
  171  8:44  Hydralisk  
  171  8:45  Hydralisk x4  
  171  8:46  Hydralisk  
  183  9:03  Hydralisk x8  
  183  9:06  Drone  
Show
View Real Time Build Order
Export as new Build Order

deadlydragon Zerg 

Build Orders: Hatch First 

Get SALT Encoding   

  12  0:03  Drone  
  13  0:12  Drone  
  14  0:18  Overlord  
  14  0:46  Hatchery  
  13  0:54  Drone x2  
  15  1:02  Drone  
  16  1:13  Spawning Pool  
  16  1:16  Drone  
  16  1:18  Drone  
  17  1:28  Overlord  
  17  1:45  Extractor  
  16  1:51  Drone x2  
  18  1:59  Queen  
  20  2:13  Zergling x2  
  21  2:20  Drone  
  22  2:26  Queen  
  22  2:29  Drone x3  
  27  2:35  Queen  
  29  2:59  Zergling x4  
  29  3:00  Zergling x2  
  32  3:06  Drone x3  
  35  3:16  Lair, Roach Warren  
  34  3:31  Drone  
  34  3:32  Drone  
  36  3:36  Overlord x3  
  36  3:54  Drone x4  
  36  3:55  Drone  
  41  4:11  Roach x2  
  41  4:12  Zergling x6  
  41  4:14  Metabolic Boost  
  48  4:25  Evolution Chamber  
  48  4:31  Evolution Chamber  
  46  4:44  Ravager  
  47  4:52  Hatchery  
  46  5:09  Zergling x8  
  46  5:10  Zergling x2  
  51  5:23  Drone x4  
  55  5:36  Overlord x2  
  50  6:04  Ravager  
  51  6:09  Roach x3  
  47  6:44  Roach x3  
  50  6:48  Roach x3  
  56  6:54  Drone x3  
  56  6:57  Queen  
  56  7:00  Queen  
  63  7:05  Zerg Melee Weapons Level 1  
  63  7:20  Drone x3  
  66  7:32  Queen  
  68  7:43  Zerg Missile Weapons Level 1  
  68  7:45  Roach x2  
  72  7:56  Extractor  
  71  8:10  Extractor  
  70  8:22  Infestation Pit  
  70  8:25  Overlord x3  
  69  8:56  Drone  
  69  8:57  Drone x2  
  72  9:03  Extractor  
  71  9:14  Hatchery  
  72  9:31  Roach x3  
  72  9:32  Roach x2  
  80  9:48  Hydralisk Den  
Tags
 
Add a new tag
Caveats
  • Supply blocks, unpowered buildings, or Contaminate may cause inaccurate times.
  • Supply counts are checked every 10 seconds.